 Dungeon Crawl Stone Soup version 0.17-a0-1368-g6ab37f2 (webtiles) character file.

46 gxt the Vandal (level 3, -11/24 HPs)
             Began as a Halfling Hunter on June 11, 2015.
             Killed from afar by Ijyb (24 damage)
             ... with a wand of draining
             ... on level 3 of the Dungeon.
             The game lasted 00:07:23 (677 turns).

gxt the Vandal (Halfling Hunter)                     Turns: 677, Time: 00:07:23

Health: -11/24     AC:  5    Str: 12    XL:     3   Next: 92%
Magic:  3/3        EV: 14    Int: 10    God:
Gold:   8          SH:  0    Dex: 15    Spells: 0 memorised, 2 levels left

rFire  . . .     SeeInvis .     a - +1 hunting sling
rCold  . . .     Clarity  .     d - +0 leather armour
rNeg   . . .     SustAt   .     (shield restricted)
rPois  .         Gourm    .     (no helmet)
rElec  .         Spirit   .     k - +1 cloak
rCorr  .         Warding  .     (no gloves)
rMut   .         Stasis   .     (no boots)
MR     .....                    (no amulet)
Stlth  +.........               (no ring)
                                (no ring)

@: drained, not resistant to hostile enchantments, very unstealthy
A: mutation resistance 1
a: no special abilities


You were on level 3 of the Dungeon.
You were not hungry.

You visited 1 branch of the dungeon, and saw 3 of its levels.

You collected 8 gold pieces.

Inventory:

Hand weapons
 a - a +1 hunting sling (weapon)
 c - a +0 short sword
Missiles
 b - 6 sling bullets (quivered)
 o - 54 stones
 r - 8 poisoned needles
Armour
 d - a +0 leather armour (worn)
 k - a +1 cloak (worn)
Jewellery
 q - an uncursed ring of stealth {unknown}
Scrolls
 g - a scroll of teleportation {unknown}
 i - a scroll of enchant weapon {unknown}
 m - 2 scrolls of identify {unknown}
Potions
 f - a potion of resistance {unknown}
 j - a potion of heal wounds {unknown}
 l - a potion of mutation {unknown}
 n - a potion of lignification {unknown}
 p - a potion of ambrosia {unknown}
 s - a potion of agility {unknown}
Comestibles
 e - 3 bread rations
 h - a beef jerky


   Skills:
 + Level 1.8(0.8) Fighting
 + Level 7.2(6.1) Slings
 + Level 0.4(0.0) Armour
 + Level 2.4(1.4) Dodging
 + Level 1.3(0.4) Stealth


You had 2 spell levels left.
You didn't know any spells.

Dungeon Overview and Level Annotations

Branches:
Dungeon (3/15)

Altars:

Annotations:
D:3 Ijyb


Innate Abilities, Weirdness & Mutations

You are small and have problems with some larger weapons.
You are somewhat resistant to further mutation.


Message History

Press: ? - help, Shift-Dir - straight line, f/p - Ijyb
Aim: Ijyb, wielding a club (lightly wounded)
You shoot a sling bullet.
The sling bullet hits Ijyb but does no damage.
Ijyb is lightly wounded.
Ijyb zaps a wand.
The bolt of negative energy hits you!
You feel drained.
It is a wand of draining.
Firing (i - inventory. (,) - cycle):
b - 8 sling bullets (quivered)
Press: ? - help, Shift-Dir - straight line, f/p - Ijyb
Aim: Ijyb, wielding a club and carrying a wand of draining {zapped: 1} (lightly wounded)
You shoot a sling bullet.
The sling bullet completely misses Ijyb.
Firing (i - inventory. (,) - cycle):
b - 7 sling bullets (quivered)
Press: ? - help, Shift-Dir - straight line, f/p - Ijyb
Aim: Ijyb, wielding a club and carrying a wand of draining {zapped: 1} (lightly wounded)
You shoot a sling bullet. The sling bullet hits Ijyb.
Ijyb is lightly wounded.
Ijyb zaps a wand.
The bolt of negative energy hits you!
You feel drained.
Ouch! That really hurt!
You die...

###.........>..#
#...........##.##
#.#...).....#...##
###.####...###.....##
....................#
###.####...###.....##
...# ##### ##...##
#.### #...###.#######
#. #...)..@....... #
#...###.######. ..
#.. #.## #g# #.# ..(
..#


You could see Ijyb.

Vanquished Creatures
  3 adders
  A bat (D:2)
  5 hobgoblins
  4 kobolds
  2 giant newts (D:2)
  2 goblins (D:3)
  2 rats
19 creatures vanquished.

Notes
Turn   | Place    | Note
--------------------------------------------------------------
     0 | D:1      | gxt the Halfling Hunter began the quest for the Orb.
     0 | D:1      | Reached XP level 1. HP: 14/14 MP: 1/1
   189 | D:2      | Reached skill level 6 in Slings
   233 | D:2      | Reached XP level 2. HP: 19/19 MP: 2/2
   413 | D:2      | Reached XP level 3. HP: 24/24 MP: 3/3
   487 | D:3      | Reached skill level 7 in Slings
   671 | D:3      | Noticed Ijyb
   677 | D:3      | Killed from afar by Ijyb

Vault maps used:
D:1:      tarquinn_simple_flora_water_e
D:2:      amethyst_overflow_temple_binary, serial_bayou, serial_bayou_pond_b,
          serial_bayou_ford_a, minmay_misc_feat_columns
D:3:      uniq_iyjb

Action                   || total
-------------------------++-------
 Fire: Hunting sling     ||    49
